 Dungeon Crawl Stone Soup version 0.32-a0-540-g866d13106e (webtiles) character file.

Game seed: 12253526280987947699

1791 IdlyInterested the Slicer (level 8, -1/58 (60) HPs)
             Began as a Demonspawn Fighter on Feb 27, 2024.
             Slain by an orc
             ... wielding a +0 mace
              (4 damage)
             ... on level 6 of the Dungeon on Feb 28, 2024.
             The game lasted 00:20:09 (4997 turns).

IdlyInterested the Slicer (Demonspawn Fighter)      Turns: 4997, Time: 00:20:10

HP:   -1/58 (60)    AC: 16    Str: 17    XL:     8   Next: 82%
MP:   3/3           EV:  7    Int: 13    God:
Gold: 279           SH:  8    Dex: 12    Spells: 13/13 levels left

rFire   . . .        w - +6 trident "Lorem Ipsum" {venom, MP-9 Int+2 Stlth+}
rCold   . . .        c - +0 buckler
rNeg    + . .        e - +0 chain mail
rPois   +            D - +0 helmet
rElec   .            (no cloak)
rCorr   .            F - +2 pair of gloves
SInv    .            B - +1 pair of boots
Will    .....        (no amulet) Stlth
                     l - ring of poison resistance
HPRegen 0.29/turn    P - ring of positive energy
MPRegen 0.08/turn

%: no passive effects
@: mighty, marked, lightly drained
A: powered by pain 1, sharp scales 1, condensation shield
a: Convert to Beogh


You were on level 6 of the Dungeon.
You visited 1 branch of the dungeon, and saw 6 of its levels.

You collected 279 gold pieces.

Inventory:

Hand Weapons
 a - a +0 rapier
 n - a +2 antimagic whip
 t - a +1 dagger of venom
 w - the +6 trident "Lorem Ipsum" (weapon) {venom, MP-9 Int+2 Stlth+}
   (You found it on level 2 of the Dungeon)

   Int+2:     It affects your intelligence (+2).
   MP-9:      It affects your magic capacity (-9).
   Stlth+:    It makes you more stealthy.
 A - a +2 short sword of speed
 N - a +2 dagger of freezing
Missiles
 h - 62 stones (quivered)
 o - 7 poisoned darts
 s - 6 darts of dispersal
Armour
 c - a +0 buckler (worn)
 e - a +0 chain mail (worn)
 m - a +0 plate armour
 v - a +0 ring mail
 B - a +1 pair of boots (worn)
 D - a +0 helmet (worn)
 F - a +2 pair of gloves (worn)
Jewellery
 l - a ring of poison resistance (left hand)
 P - a ring of positive energy (right hand)
Talismans
 G - a blade talisman
 I - a beast talisman
Scrolls
 b - a scroll of fear {unknown}
 f - a scroll of poison {unknown}
 g - 2 scrolls of amnesia
 i - 2 scrolls of vulnerability
 j - a scroll of enchant armour {unknown}
 k - a scroll of butterflies {unknown}
 u - a scroll of silence
 x - a scroll of blinking
 y - 2 scrolls of revelation
 z - 3 scrolls of teleportation
 C - a scroll of enchant weapon
 E - a scroll of brand weapon
 L - 3 scrolls of torment
Potions
 p - a potion of curing
 q - a potion of heal wounds
 r - a potion of attraction
 H - a potion of degeneration {unknown}
 K - a potion of cancellation {unknown}
 M - a potion of ambrosia {unknown}
Miscellaneous
 O - a lightning rod (4/4)


   Skills:
 - Level 4.0 Fighting
 + Level 8.8 Short Blades
 - Level 1.0 Throwing
 - Level 4.0 Armour
 - Level 1.0 Dodging
 - Level 1.0 Stealth
 - Level 3.0 Shields
 - Level 3.0 Spellcasting
 - Level 1.0 Evocations
 - Level 1.0 Shapeshifting


You had 13 spell levels left.
You didn't know any spells.
Your spell library contained the following spells:

 Spells                   Type           Power      Damage    Failure   Level
 Freeze                   Ice            4%         1d3       96%         1
 Shock                    Conj/Air       4%         1d3       96%         1
 Slow                     Hex            4%         N/A       96%         1
 Cigotuvi's Dreadful Rot  Necr/Alch/Air  2%         N/A       99%         2
 Frozen Ramparts          Ice            2%         1d1       100%        3
 Hailstorm                Conj/Ice       1%         3d5       100%        3
 Iskenderun's Battlesphe  Conj           1%         2d6       100%        5
 Starburst                Conj/Fire      0%         6d3       100%        6
 Orb of Destruction       Conj           0%         9d5       100%        7


Dungeon Overview and Level Annotations

Branches:
Dungeon (6/15)
 Temple: D:4-7

Altars:
Kikubaaqudgha
Sif Muna
Trog
Yredelemnul


Innate Abilities, Weirdness & Mutations

You sometimes gain a little power by taking damage.
You are partially covered in razor-sharp scales. (AC +1, Slay +1)
A meltable shield of frost defends you. (SH +4)


Message History

The magic dart hits you.
You puncture the sky beast!
The sky beast looks as sick as possible!
The sky beast is almost dead.
You kill the sky beast!
The orc hits you but does no damage.
A kobold comes into view. It is wielding a +0 whip.
The orc wizard hits you but does no damage.
You block the orc's attack.
You hit the wight.
The wight is lightly damaged.
The water moccasin barely misses you. You block the wight's attack.
The orc wizard casts a spell at you. The magic dart hits you.
You block the orc's attack. The orc hits you but does no damage.
The water moccasin bites you but does no damage.
The orc hits you with a +0 mace. The orc hits you but does no damage.
The wight hits you with a +3 morningstar!
* * * LOW HITPOINT WARNING * * *
You partially resist.
You feel drained.
* * * LOW HITPOINT WARNING * * *
A kobold comes into view.
It is wielding a +0 short sword and quivering poisoned darts.
The orc wizard hits you with a +0 dagger.
* * * LOW HITPOINT WARNING * * *
You barely miss the wight.
You block the water moccasin's attack. x2
The wight barely misses you.
The orc priest miscasts a cantrip.
The orc hits you with a +0 mace.
* * * LOW HITPOINT WARNING * * *
A kobold comes into view.
It is wielding a +0 club and quivering poisoned darts.
The orc hits you but does no damage.
The orc wizard hits you but does no damage.
You hit the wight.
The wight is moderately damaged.
You block the water moccasin's attack.
The wight hits you with a +3 morningstar.
* * * LOW HITPOINT WARNING * * *
The orc wizard hits you but does no damage.
You block the orc's attack. The orc hits you with a +0 mace.
You die...

.## #
.. ##
.#
..#.
..#
.#.
###..
##..
...#
#.Ko
z..#


#oWS#zz.# #@# #..ooooooS..# #.K###o###..# #. o#o .. h . .$ .. #. ## #. You could
see a water moccasin, a black bear, a phantom, 3 wights, an orc priest, an orc
wizard, an adder, 9 orcs and 2 kobolds.

Vanquished Creatures
  Grinder (D:3)
  Sigmund (D:3)
  Menkaure (D:5)
  An acid dragon (D:5)
  2 orc warriors
  A sky beast (D:6)
  2 ogres (D:5)
  A centaur (D:5)
  A phantom (D:5)
  A burial acolyte (D:5)
  A water moccasin skeleton (D:5)
  A howler monkey (D:5)
  2 bombardier beetles
  An orc priest (D:5)
  Natasha (thrice) (D:2)
  4 orc wizards
  A sleepcap (D:5)
  Terence (D:2)
  Robin (D:4)
  7 adders
  An adder skeleton (D:5)
  4 dart slugs
  3 ribbon worms
  9 orcs
  7 endoplasms
  3 giant cockroaches
  20 goblins
  6 hobgoblins
  5 jackals
  7 kobolds
  2 quokkas
  5 ball pythons
  4 bats
  8 frilled lizards
  2 rats
120 creatures vanquished.

Notes
Turn   | Place    | Note
-------+----------+-------------------------------------------
     0 | D:1      | IdlyInterested the Demonspawn Fighter began the quest for
                  | the Orb.
     0 | D:1      | Reached XP level 1. HP: 18/18 MP: 1/1
   150 | D:1      | Reached skill level 2 in Short Blades
   150 | D:1      | Reached skill level 1 in Spellcasting
   174 | D:1      | Gained mutation: You sometimes gain a little power by
                  | taking damage. [demonic ancestry]
   174 | D:1      | Reached XP level 2. HP: 17/24 MP: 1/3
   594 | D:2      | Reached XP level 3. HP: 27/29 MP: 1/5
   666 | D:2      | Found a faded altar of an unknown god.
   818 | D:2      | HP: 2/43 [poisoned by an adder]
  1040 | D:2      | Reached skill level 3 in Short Blades
  1086 | D:2      | Noticed Natasha
  1103 | D:2      | Killed Natasha
  1104 | D:2      | Gained mutation: You are partially covered in razor-sharp
                  | scales. (AC +1, Slay +1) [demonic ancestry]
  1104 | D:2      | Reached XP level 4. HP: 10/35 MP: 2/7
  1332 | D:2      | Identified the +6 trident "Lorem Ipsum" {venom, MP-9 Int+2
                  | Stlth+}
  1335 | D:2      | Noticed Natasha
  1348 | D:2      | Killed Natasha
  1628 | D:2      | Noticed Terence
  1634 | D:2      | Killed Terence
  1635 | D:2      | Reached XP level 5. HP: 37/41 MP: 0/9
  1745 | D:3      | Noticed Grinder
  1752 | D:3      | Killed Grinder
  1753 | D:3      | Reached skill level 5 in Short Blades
  1753 | D:3      | Reached XP level 6. HP: 40/47 MP: 1/10
  1837 | D:3      | Noticed Sigmund
  1845 | D:3      | Killed Sigmund
  1846 | D:3      | Reached skill level 1 in Dodging
  1846 | D:3      | Gained mutation: A meltable shield of frost defends you.
                  | (SH +4) [demonic ancestry]
  1846 | D:3      | Reached XP level 7. HP: 52/52 MP: 2/11
  1919 | D:2      | Noticed Natasha
  1923 | D:2      | Killed Natasha
  1924 | D:2      | Reached skill level 6 in Short Blades
  2379 | D:4      | Noticed Robin
  2384 | D:4      | Killed Robin
  2573 | D:4      | Got the Directory of Shining Ceraunoscopy
  2631 | D:4      | Found a bloodstained altar of Trog.
  2700 | D:4      | Found a shimmering blue altar of Sif Muna.
  2706 | D:4      | Got Sif Muna's Vellum of Ill-fated Impulse
  3033 | D:5      | Entered Level 5 of the Dungeon
  3135 | D:5      | Reached skill level 1 in Stealth
  3149 | D:5      | Reached skill level 1 in Shapeshifting
  3312 | D:5      | Reached skill level 7 in Short Blades
  3312 | D:5      | Reached skill level 1 in Throwing
  3371 | D:5      | Reached skill level 1 in Evocations
  3371 | D:5      | Reached XP level 8. HP: 41/58 MP: 3/12
  3371 | D:5      | Upgraded the game from 0.32-a0-520-g344ed53f66 to
                  | 0.32-a0-540-g866d13106e
  3526 | D:5      | Found an ancient bone altar of Kikubaaqudgha.
  3528 | D:5      | Noticed Menkaure
  3530 | D:5      | Found a basalt altar of Yredelemnul.
  3588 | D:5      | Found a transporter.
  3592 | D:5      | Found a transporter.
  4707 | D:5      | Killed Menkaure
  4708 | D:5      | Reached skill level 8 in Short Blades
  4997 | D:6      | Slain by an orc

Illustrated notes

Levels and vault maps discovered:
D:1:      spicycebolla_arrival_risky_transporter, layout_rooms, minmay_distorted
D:2:      layout_loops_ring, ebering_ecumenical_altar_petrified,
          minmay_tetromino_i2, uniq_terence, uniq_natasha
D:3:      layout_loops_ring, uniq_sigmund, uniq_grinder
D:4:      layout_rooms, nzn_overflow_gifts_of_might_and_magic, uniq_robin
D:5:      layout_layer_cave, gammafunk_temple_of_torment, minmay_ogre_servants
D:6:      due_chaos_kobolds, layout_basic, mainiacjoe_overflow_divided_tiny,
          minmay_temple_entry_proselytizer, kennysheep_big_empty_room,
          nicolae_titane

Skill      XL: |  1  2  3  4  5  6  7  8 |
---------------+-------------------------+-----
Short Blades   | 2 3 5 7 8 |  8.8
Spellcasting   | 1 2 3 |  3.0
Armour         | 3 4 |  4.0
Dodging        | 1 |  1.0
Shields        | 3 |  3.0
Stealth        | 1 |  1.0
Shapeshifting  | 1 |  1.0
Throwing       | 1 |  1.0
Evocations     | 1 |  1.0
Fighting       | 4 |  4.0

Action                     |  1- 3 |  4- 6 |  7- 9 || total
---------------------------+-------+-------+-------++-------
  Melee: Rapier            |     9 |       |       ||     9
         Whip              |   127 |    15 |       ||   142
         Trident           |       |    36 |   173 ||   209
  Throw: Stone             |     1 |       |       ||     1
    Use: Potion            |     2 |       |     4 ||     6
         Scroll            |       |     3 |     7 ||    10
 Armour: Scale mail        |    76 |       |       ||    76
         Chain mail        |    28 |    39 |   172 ||   239
  Dodge: Dodged            |    48 |    18 |    60 ||   126
         Repelled          |     1 |     1 |     1 ||     3
  Block: Buckler           |    35 |     7 |    89 ||   131

Table legend: (Time is in decaauts)
 A = Elapsed time spent in this place.
 B = Non-inter-level travel time spent in this place.
 C = Inter-level travel time spent in this place.
 D = Time resting spent in this place.
 E = Time spent auto-exploring this place.
 F = Levels seen in this place.
 G = Mean time per level.
                   A        B        C        D        E       F      G
               +--------+--------+--------+--------+--------+-----+--------+
         Total |   5083 |   4600 |    483 |    649 |   2760 |   6 |  847.2 |
       Dungeon |   5083 |   4600 |    483 |    649 |   2760 |   6 |  847.2 |
               +--------+--------+--------+--------+--------+-----+--------+

Top non-repeatable levels by time:
     D:5: 1970 daAuts
     D:2: 1130 daAuts
     D:3: 697 daAuts
     D:4: 660 daAuts
     D:1: 604 daAuts
     D:6: 20 daAuts
